 Dungeon Sprint DCSS version 0.22.1-1-ga44c0e56f4 (webtiles) character file.

79 MuseOD the Sneak (level 4, -10/24 HPs)
             Began as a Spriggan Enchanter on Oct 2, 2018.
             Mangled by a water elemental (15 damage)
             ... in the Dungeon (Sprint III: "The Ten Rune Challenge").
             The game lasted 00:01:17 (408 turns).

MuseOD the Sneak (Spriggan Enchanter)                Turns: 408, Time: 00:01:18

Health: -10/24     AC:  4    Str:  4    XL:     4   Next: 17%
Magic:  9/9        EV: 18    Int: 17    God:
Gold:   24         SH:  0    Dex: 16    Spells: 2/8 levels left

rFire    . . .     SeeInvis +   a - +1 dagger
rCold    + . .     Gourm    .   (shield restricted)
rNeg     . . .     Faith    .   c - +1 robe {rC+}
rPois    .         Spirit   .   (helmet restricted)
rElec    .         Reflect  .   k - +0 cloak
rCorr    .         Harm     .   (gloves unavailable)
MR       .....     NoTele   +   (boots unavailable)
Stlth    ++++......             (no amulet)
HPRegen  0.08/turn              (no ring)
MPRegen  0.11/turn              (no ring)

@: very quick
A: very small, unfitting armour, see invisible, herbivore, speed 3, slow
metabolism 2
a: no special abilities


You were in the Dungeon.
You were not hungry.

You visited 1 branch You collected 24 gold pieces.

Inventory:

Hand Weapons
 a - a +1 dagger (weapon)
Armour
 b - a +0 robe
 c - a +1 robe of cold resistance (worn)
 k - a +0 cloak (worn)
Scrolls
 j - 2 scrolls of blinking
 m - a scroll of torment {unknown}
 n - 3 scrolls of identify
 o - a scroll of enchant weapon {unknown}
 q - a scroll of holy word {unknown}
 r - 2 scrolls of remove curse
Potions
 e - a potion of curing
 f - a potion of heal wounds
 g - a potion of haste
 h - 2 potions of magic
 i - a potion of berserk rage
 l - 4 potions of mutation {unknown}
 p - 3 potions of flight
Comestibles
 d - 4 rations


   Skills:
 + Level 3.1 Fighting
 * Level 6.3 Short Blades
 - Level 3.0 Dodging
 + Level 7.7 Stealth
 - Level 2.6 Spellcasting
 - Level 3.6 Hexes


You had 2 spell levels left.
You knew the following spells:

 Your Spells              Type           Power        Failure   Level  Hunger
a - Corona                Hex            ##.....      4%          1    #......
b - Ensorcelled Hibernat  Hex/Ice        #.....       13%         2    ##.....
c - Confuse               Hex            ##......     12%         3    ###....

Your spell library contained the following spells:

 Spells                   Type           Power        Failure   Level  Hunger
 Tukima's Dance           Hex            ##......     12%         3    ###....
 Dazzling Spray           Conj/Hex       #.....       26%         3    ###....


Dungeon Overview and Level Annotations

Branches:
Dungeon (1/1)

Altars:


Innate Abilities, Weirdness & Mutations

You are very small and have problems with some larger weapons.
You are too small for most types of armour.
You have supernaturally acute eyesight. (SInv)
You are a herbivore.
You cover ground extremely quickly.
You need to consume almost no food.


Message History

There is an open door to the Ecumenical Temple here.
There is a fountain of clear blue water here.
You hit the water elemental.
The water elemental is lightly damaged.
The water elemental barely misses you.
Casting: Confuse (safe; 12% risk of failure)
Confirm with . or Enter, or press ? or * to list all spells.
You don't know that spell.
The water elemental hits you!
Ouch! That really hurt!
* * * LOW HITPOINT WARNING * * *
The water elemental engulfs you in water!
You slip free of the water engulfing you.
You gasp with relief as air once again reaches your lungs.
The water elemental closely misses you.
There is an open door to the Ecumenical Temple here.
You see here a quarterstaff of chaos.
The water elemental hits you!
Ouch! That really hurt!
You die...

▓..##.......#..#..#
▓##.##.##...#..#..###+#+###+#
##.##.###..##'#..#..........
▓#.####.##..###...'.⌠........
▓.###..##..####...#...######+
▓#.....##..###....#.⌠.#
###..##)..##.....#...#
##..##....#.).E..#+###
#..###..##.#...@.# #..#
#..#####....# ▓▓▓▓ ▓▓▓▓
▓▓▓▓▓▓


You could see a water elemental.

Vanquished Creatures
  Crazy Yiuf (D)
  Jessica (D)
  A human (D)
  An ooze (D)
  2 rats (D)
6 creatures vanquished.

Vanquished Creatures (others)
  2 draconian scorchers (D)
  6 hellions (D)
  3 yaktaurs (D)
11 creatures vanquished.

Grand Total: 17 creatures vanquished

Notes
Turn   | Place    | Note
-------+----------+-------------------------------------------
     0 | D        | MuseOD the Spriggan Enchanter began the quest for the Orb.
     0 | D        | Reached XP level 1. HP: 9/9 MP: 5/5
    17 | D        | Reached skill level 1 in Fighting
    17 | D        | Reached skill level 5 in Stealth
    37 | D        | Killed a yaktaur
    74 | D        | Killed a yaktaur
    94 | D        | Killed a hellion
    94 | D        | Killed a hellion
    94 | D        | Killed a hellion
   137 | D        | Noticed Jessica
   142 | D        | Killed Jessica
   142 | D        | Reached skill level 6 in Stealth
   142 | D        | Reached XP level 2. HP: 15/15 MP: 6/6
   142 | D        | Reached XP level 3. HP: 18/18 MP: 8/8
   148 | D        | Killed a hellion
   159 | D        | Learned a level 2 spell: Ensorcelled Hibernation
   163 | D        | Learned a level 3 spell: Confuse
   165 | D        | Noticed Crazy Yiuf
   171 | D        | Killed a hellion
   171 | D        | Killed a hellion
   176 | D        | Killed Crazy Yiuf
   176 | D        | Reached skill level 5 in Short Blades
   176 | D        | Reached skill level 7 in Stealth
   194 | D        | Reached XP level 4. HP: 19/24 MP: 3/9
   213 | D        | Killed a white draconian scorcher
   234 | D        | Killed a white draconian scorcher
   315 | D        | Noticed a water elemental
   331 | D        | Killed a yaktaur
   408 | D        | Mangled by a water elemental

Skill      XL: |  1  2  3 |
---------------+----------+-----
Fighting       | 2 3 |  3.1
Short Blades   | 4 6 |  6.3
Stealth        | 6 7 |  7.7
Dodging        | |  3.0
Spellcasting   | |  2.6
Hexes          | |  3.6

Action                   |  1- 3 |  4- 6 || total
-------------------------+-------+-------++-------
Melee: Dagger            |    29 |     2 ||    31
 Cast: Confuse           |     2 |       ||     2
 Stab: Sleeping          |     2 |       ||     2
       Confused          |     3 |       ||     3
Armor: Robe              |     1 |       ||     1
Dodge: Dodged            |     9 |     4 ||    13
